AAA
SACRAMENTO RIVER CATS @ ROUND ROCK EXPRESS
08/17/2052
 
TOP OF THE 1ST
Nashville Sounds batting - Pitching for Tacoma Rainiers : RHP Oliver Munro
Pitching: RHP Oliver Munro
Batting: LHB Jose Righini 0-0: Ball
1-0: Ball
2-0: Called Strike
2-1: Ball
3-1: Base on Balls
Batting: RHB Kevin Moseley 0-0: Ball
1-0: Ball
2-0: Called Strike
2-1: Foul Ball, location: 2F
2-2: Strikes out swinging
Batting: LHB Dylan Elmore 0-0: Ball
1-0: Called Strike
1-1: Ball
Jose Righini steals 2nd base
2-1: Foul Ball, location: 2F
2-2: Ground out 1-3 (Groundball, 13S, EV 66.9 MPH)
Jose Righini to third
Batting: RHB Tony Castellanos 0-0: Called Strike
0-1: Ball
1-1: Swinging Strike
1-2: Ball
2-2: Ball
3-2: Base on Balls
Batting: LHB Ben Lewis 0-0: Ball
1-0: Foul Ball, location: 2F
1-1: Fly out, F6 (Popup, 4MD, EV 50.6 MPH)
Top of the 1st over - 0 runs, 0 hits, 0 errors, 2 left on base; Nashville 0 - Tacoma 0
BOTTOM OF THE 1ST
Tacoma Rainiers batting - Pitching for Nashville Sounds : LHP Ivan Díaz
Pitching: LHP Ivan Díaz
Batting: SHB John Koch 0-0: SINGLE (Line Drive, 89S, EV 104.4 MPH)
Batting: RHB Daniel McClure 0-0: Ball
1-0: Ball
2-0: Called Strike
2-1: Foul Ball, location: 2F
2-2: Foul Ball, location: 2F
2-2: Grounds into double play, 4-6-3 (Groundball, 4MD, EV 84.4 MPH)
Batting: LHB Adam Lozano 0-0: Foul Ball, location: 2F
0-1: Swinging Strike
0-2: Ball
1-2: Foul Ball, location: 2F
1-2: Fly out, F9 (Line Drive, 9, EV 103.1 MPH)
Bottom of the 1st over - 0 runs, 1 hit, 0 errors, 0 left on base; Nashville 0 - Tacoma 0
TOP OF THE 2ND
Nashville Sounds batting - Pitching for Tacoma Rainiers : RHP Oliver Munro
Batting: LHB Paul Whitehouse 0-0: Ball
1-0: Called Strike
1-1: Ball
2-1: Foul Ball, location: 2F
2-2: Foul Ball, location: 2F
2-2: Strikes out swinging
Batting: SHB Syd Cooke 0-0: Called Strike
0-1: Ball
1-1: Called Strike
1-2: Hit by Pitch
Batting: RHB Gabe Martens 0-0: Ball
1-0: Foul Ball, location: 2F
1-1: Ball
2-1: Ball
3-1: Base on Balls
Syd Cooke to second
Batting: RHB Jesus Diaz 0-0: Ball
Wild Pitch!
Syd Cooke to third
Gabe Martens to second
1-0: Ball
2-0: Ball
3-0: Hit by Pitch
Batting: LHB Jose Righini 0-0: Ball
Wild Pitch!
Syd Cooke scores
Gabe Martens to third
Jesus Diaz to second
1-0: SINGLE (Line Drive, 34, EV 96.2 MPH)
Gabe Martens scores
Jesus Diaz to third
Batting: RHB Kevin Moseley 0-0: Ball
Jose Righini is caught stealing 2nd base 2-4
1-0: Called Strike
1-1: Ball
2-1: Ball
3-1: Base on Balls
Batting: LHB Dylan Elmore 0-0: Ball
1-0: Fly out, F8 (Flyball, 8LD, EV 101.2 MPH)
Top of the 2nd over - 2 runs, 1 hit, 0 errors, 2 left on base; Nashville 2 - Tacoma 0
BOTTOM OF THE 2ND
Tacoma Rainiers batting - Pitching for Nashville Sounds : LHP Ivan Díaz
Batting: LHB Mark Dyer 0-0: Ball
1-0: Called Strike
1-1: Called Strike
1-2: Strikes out swinging, 2-3 out at first.
Batting: RHB Paul Sabine 0-0: Fly out, F8 (Line Drive, 8RD, EV 105.0 MPH)
Batting: RHB Jerry Dicus 0-0: Called Strike
0-1: Swinging Strike
0-2: Foul Ball, location: 2F
0-2: Strikes out swinging
Bottom of the 2nd over - 0 runs, 0 hits, 0 errors, 0 left on base; Nashville 2 - Tacoma 0
TOP OF THE 3RD
Nashville Sounds batting - Pitching for Tacoma Rainiers : RHP Oliver Munro
Batting: RHB Tony Castellanos 0-0: Ball
1-0: Foul Ball, location: 2F
1-1: Fly out, F3 (Flyball, 3D, EV 87.5 MPH)
Batting: LHB Ben Lewis 0-0: Ground out 4-3 (Groundball, 4, EV 86.2 MPH)
Batting: LHB Paul Whitehouse 0-0: Swinging Strike
0-1: Ball
1-1: Foul Ball, location: 2F
1-2: Ball
2-2: DOUBLE (Line Drive, 5D, EV 98.1 MPH)
Batting: SHB Syd Cooke 0-0: Hit by Pitch
Batting: RHB Gabe Martens 0-0: Swinging Strike
0-1: Ball
1-1: Ball
2-1: Foul Ball, location: 2F
2-2: DOUBLE (Flyball, 5D, EV 95.6 MPH)
Paul Whitehouse scores
Syd Cooke to third
Runner from 3rd tries for Home, SAFE, no throw by LF
Batting: RHB Jesus Diaz 0-0: Foul Ball, location: 2F
0-1: Fly out, F7 (Flyball, 7, EV 82.5 MPH)
Top of the 3rd over - 2 runs, 2 hits, 0 errors, 1 left on base; Nashville 4 - Tacoma 0
BOTTOM OF THE 3RD
Tacoma Rainiers batting - Pitching for Nashville Sounds : LHP Ivan Díaz
Batting: RHB Mike Vincent 0-0: Ball
1-0: Called Strike
1-1: Ball
2-1: Foul Ball, location: 2F
2-2: Ball
3-2: Fly out, F6 (Line Drive, 6, EV 70.0 MPH)
Batting: LHB Brian Heidenreich 0-0: Ball
1-0: Called Strike
1-1: Ground out 1-3 (Groundball, P, EV 68.8 MPH)
Batting: RHB Andrew Jones 0-0: Ball
1-0: Called Strike
1-1: Swinging Strike
1-2: Ball
2-2: Strikes out looking
Bottom of the 3rd over - 0 runs, 0 hits, 0 errors, 0 left on base; Nashville 4 - Tacoma 0
TOP OF THE 4TH
Nashville Sounds batting - Pitching for Tacoma Rainiers : RHP Oliver Munro
Batting: LHB Jose Righini 0-0: Foul Ball, location: 2F
0-1: Ball
1-1: Ground out 5-3 (Groundball, 5, EV 104.4 MPH)
Batting: RHB Kevin Moseley 0-0: Ball
1-0: Foul Ball, location: 2F
1-1: Ball
2-1: Ball
3-1: Foul Ball, location: 2F
3-2: Foul Ball, location: 2F
3-2: Foul Ball, location: 2F
3-2: DOUBLE (Line Drive, 7LM, EV 105.0 MPH)
Batting: LHB Dylan Elmore 0-0: Called Strike
0-1: Ball
1-1: Hit by Pitch
Batting: RHB Tony Castellanos 0-0: Called Strike
0-1: Ball
1-1: Called Strike
Kevin Moseley steals 3rd base
Dylan Elmore to second
1-2: Ball
2-2: Fly out, F8 (Flyball, 78D, EV 84.4 MPH)
Runner from 3rd tags up, SCORES, throw by CF
Dylan Elmore to third
Batting: LHB Ben Lewis 0-0: Ball
1-0: Called Strike
1-1: Ball
2-1: Ball
3-1: Fly out, F5 (Popup, 25F, EV 81.2 MPH)
Top of the 4th over - 1 run, 1 hit, 0 errors, 1 left on base; Nashville 5 - Tacoma 0
BOTTOM OF THE 4TH
Tacoma Rainiers batting - Pitching for Nashville Sounds : LHP Ivan Díaz
Batting: SHB John Koch 0-0: Called Strike
0-1: Ball
1-1: Foul Ball, location: 2F
1-2: Ball
2-2: Fly out, F8 (Flyball, 8RD, EV 101.9 MPH)
Batting: RHB Daniel McClure 0-0: Ball
1-0: Called Strike
1-1: Ball
2-1: Ball
3-1: Called Strike
3-2: Fly out, F8 (Flyball, 8LM, EV 86.2 MPH)
Batting: LHB Adam Lozano 0-0: Ground out 6-3 (Groundball, 6MD, EV 84.4 MPH)
Bottom of the 4th over - 0 runs, 0 hits, 0 errors, 0 left on base; Nashville 5 - Tacoma 0
TOP OF THE 5TH
Nashville Sounds batting - Pitching for Tacoma Rainiers : RHP Oliver Munro
Batting: LHB Paul Whitehouse 0-0: Ball
1-0: Foul Ball, location: 2F
1-1: Ball
2-1: Swinging Strike
2-2: Fly out, F3 (Popup, 3SF, EV 83.8 MPH)
Batting: SHB Syd Cooke 0-0: Ball
1-0: Ball
2-0: Hit by Pitch
Pitching: LHP Mike Williams
Pinch Runner at 1st Keegan Yount:
Batting: RHB Gabe Martens 0-0: SINGLE (Groundball, 34D, EV 105.0 MPH)
Keegan Yount to second
Runner from 2nd tries for 3rd, SAFE, throw by RF made to third
Batting: RHB Jesus Diaz 0-0: Ball
1-0: Foul Ball, location: 2F
1-1: Grounds into double play, 6-4-3 (Groundball, 6, EV 88.1 MPH)
Top of the 5th over - 0 runs, 1 hit, 0 errors, 1 left on base; Nashville 5 - Tacoma 0
BOTTOM OF THE 5TH
Tacoma Rainiers batting - Pitching for Nashville Sounds : LHP Ivan Díaz
Now at 3B: Keegan Yount
Batting: LHB Mark Dyer 0-0: Swinging Strike
0-1: Fly out, F5 (Popup, 56S, EV 70.0 MPH)
Batting: RHB Paul Sabine 0-0: Called Strike
0-1: Ball
1-1: Foul Ball, location: 2F
1-2: Ground out 5-3 (Groundball, 56S, EV 66.9 MPH)
Batting: RHB Jerry Dicus 0-0: Called Strike
0-1: Foul Ball, location: 2F
0-2: Foul Ball, location: 2F
0-2: Foul Ball, location: 2F
0-2: Foul Ball, location: 2F
0-2: Ball
1-2: Foul Ball, location: 2F
1-2: Fly out, F8 (Flyball, 8LXD, EV 101.2 MPH)
Bottom of the 5th over - 0 runs, 0 hits, 0 errors, 0 left on base; Nashville 5 - Tacoma 0
TOP OF THE 6TH
Nashville Sounds batting - Pitching for Tacoma Rainiers : LHP Mike Williams
Batting: LHB Jose Righini 0-0: Swinging Strike
0-1: Foul Ball, location: 2F
0-2: Ball
1-2: Strikes out swinging
Batting: RHB Kevin Moseley 0-0: Called Strike
0-1: Ball
1-1: Swinging Strike
1-2: Foul Ball, location: 2F
1-2: Ball
2-2: Ball
3-2: Foul Ball, location: 2F
3-2: Foul Ball, location: 2F
3-2: Ground out 6-3 (Groundball, 6, EV 104.4 MPH)
Batting: LHB Dylan Elmore 0-0: Called Strike
0-1: Swinging Strike
0-2: Ball
1-2: Ball
2-2: Strikes out swinging
Top of the 6th over - 0 runs, 0 hits, 0 errors, 0 left on base; Nashville 5 - Tacoma 0
BOTTOM OF THE 6TH
Tacoma Rainiers batting - Pitching for Nashville Sounds : LHP Ivan Díaz
Batting: RHB Mike Vincent 0-0: Foul Ball, location: 2F
0-1: Swinging Strike
0-2: Strikes out swinging
Batting: LHB Brian Heidenreich 0-0: Foul Ball, location: 2F
0-1: Ground out 1-3 (Groundball, 13, EV 70.6 MPH)
Batting: RHB Andrew Jones 0-0: Called Strike
0-1: Foul Ball, location: 2F
0-2: Ball
1-2: Ball
2-2: Foul Ball, location: 2F
2-2: Ball
3-2: Strikes out swinging
Bottom of the 6th over - 0 runs, 0 hits, 0 errors, 0 left on base; Nashville 5 - Tacoma 0
TOP OF THE 7TH
Nashville Sounds batting - Pitching for Tacoma Rainiers : LHP Mike Williams
Batting: RHB Tony Castellanos 0-0: Ball
1-0: Called Strike
1-1: Swinging Strike
1-2: Foul Ball, location: 2F
1-2: Strikes out swinging
Batting: LHB Ben Lewis 0-0: Ball
1-0: Ground out 4-3 (Groundball, 4D, EV 105.6 MPH)
Batting: LHB Paul Whitehouse 0-0: Ball
1-0: Called Strike
1-1: Ball
2-1: Ground out 6-3 (Groundball, 6, EV 107.5 MPH)
Top of the 7th over - 0 runs, 0 hits, 0 errors, 0 left on base; Nashville 5 - Tacoma 0
BOTTOM OF THE 7TH
Tacoma Rainiers batting - Pitching for Nashville Sounds : LHP Ivan Díaz
Batting: SHB John Koch 0-0: Ball
1-0: SINGLE (Line Drive, 56D, EV 98.8 MPH)
Batting: RHB Daniel McClure 0-0: DOUBLE (Line Drive, 89XD, EV 110.0 MPH)
John Koch to third
Batting: LHB Adam Lozano 0-0: Called Strike
0-1: Foul Ball, location: 2F
0-2: Foul Ball, location: 2F
0-2: Strikes out swinging
Batting: RHB Alex Cruz 0-0: Called Strike
0-1: Ball
1-1: Ball
2-1: Fly out, F4 (Line Drive, 4, EV 66.9 MPH)
Batting: RHB Paul Sabine 0-0: Called Strike
0-1: Called Strike
0-2: Strikes out swinging
Bottom of the 7th over - 0 runs, 2 hits, 0 errors, 2 left on base; Nashville 5 - Tacoma 0
TOP OF THE 8TH
Nashville Sounds batting - Pitching for Tacoma Rainiers : LHP Mike Williams
Batting: RHB Keegan Yount 0-0: Swinging Strike
0-1: Ball
1-1: Swinging Strike
1-2: Foul Ball, location: 2F
1-2: Ball
2-2: Ball
3-2: DOUBLE (Line Drive, 8RD, EV 85.6 MPH)
Pitching: LHP Marcos Gomez
Batting: RHB Gabe Martens 0-0: Ball
1-0: Ground out 4-3 (Groundball, 4, EV 96.2 MPH)
Keegan Yount to third
Batting: RHB Jesus Diaz 0-0: Ground out 6-3 (Groundball, 6, EV 102.5 MPH)
Keegan Yount scores
Batting: LHB Jose Righini 0-0: Ball
1-0: Swinging Strike
1-1: Called Strike
1-2: Foul Ball, location: 2F
1-2: Foul Ball, location: 2F
1-2: Ball
2-2: Foul Ball, location: 2F
2-2: Ground out 6-3 (Groundball, 6, EV 100.0 MPH)
Top of the 8th over - 1 run, 1 hit, 0 errors, 0 left on base; Nashville 6 - Tacoma 0
BOTTOM OF THE 8TH
Tacoma Rainiers batting - Pitching for Nashville Sounds : LHP Ivan Díaz
Batting: RHB Jerry Dicus 0-0: Ground out U3 (Groundball, 34, EV 95.6 MPH)
Batting: RHB Mike Vincent 0-0: Called Strike
0-1: Foul Ball, location: 2F
0-2: Strikes out swinging
Batting: LHB Brian Heidenreich 0-0: Called Strike
0-1: Swinging Strike
0-2: Ball
1-2: Foul Ball, location: 2F
1-2: Ball
2-2: Strikes out looking
Bottom of the 8th over - 0 runs, 0 hits, 0 errors, 0 left on base; Nashville 6 - Tacoma 0
TOP OF THE 9TH
Nashville Sounds batting - Pitching for Tacoma Rainiers : LHP Marcos Gomez
Batting: RHB Kevin Moseley 0-0: Swinging Strike
0-1: Foul Ball, location: 2F
0-2: Ball
1-2: Strikes out looking
Batting: LHB Dylan Elmore 0-0: Called Strike
0-1: Ball
1-1: Swinging Strike
1-2: Ball
2-2: Strikes out swinging
Batting: RHB Tony Castellanos 0-0: Foul Ball, location: 2F
0-1: Ball
1-1: Ball
2-1: Foul Ball, location: 2F
2-2: Foul Ball, location: 2F
2-2: Foul Ball, location: 2F
2-2: Strikes out looking
Top of the 9th over - 0 runs, 0 hits, 0 errors, 0 left on base; Nashville 6 - Tacoma 0
BOTTOM OF THE 9TH
Tacoma Rainiers batting - Pitching for Nashville Sounds : LHP Ivan Díaz
Batting: RHB Andrew Jones 0-0: Called Strike
0-1: Called Strike
0-2: Ball
1-2: Strikes out swinging
Pitching: LHP Quentin Sains
Batting: SHB John Koch 0-0: Ball
1-0: Ground out 6-3 (Groundball, 6D, EV 100.0 MPH)
Pitching: RHP Jesus Trejo
Batting: RHB Daniel McClure 0-0: Ground out 6-3 (Groundball, 6M, EV 81.2 MPH)
Bottom of the 9th over - 0 runs, 0 hits, 0 errors, 0 left on base; Nashville 6 - Tacoma 0
Friday, May 3rd , 2024 - OOTP Baseball 24.11 Build 85